AoeStats
← Trotamundos

Four Lakes

507504593Analyzed
1v1 RM · 14d ago on Sep 18, 2026· 35m 58s· 2 players
Game mode
Random Map
Map size
Tiny (2 player)
Population
200
Speed
Normal
Resources
Standard
Victory
Conquest
Starting age
Dark Age
Ending age
Imperial Age
RankedLock teamsTeams togetherTeam positionsShared explorationLock speedFull tech treeHidden civsTurbo modeCheats
Victory
Defeat
🇩🇪 Teutons · Germany
1090
+15
🇵🇪 Turks · Peru
1071
-15
Trotamundos
6:24 Loom
9:01 Feudal Age
9:48 Double-Bit Axe
13:25 Forging
13:13 Horse Collar
18:31 Wheelbarrow
23:04 Castle Age
21:59 Bloodlines
21:45 Fletching
25:36 Bodkin Arrow
26:20 Bow Saw
32:19 Hand Cart
33:06 Ballistics
37:04 Imperial Age
martinski
12:09 Feudal Age
20:16 Castle Age
18:07 Man-at-Arms
19:56 Horse Collar
20:11 Double-Bit Axe
20:09 Fishing Lines
21:26 Wheelbarrow
20:49 Long Swordsman
23:09 Heavy Plow
24:29 Stone Mining
25:37 Bow Saw
26:48 Stone Shaft Mining
26:08 Gold Mining
32:30 Imperial Age
31:45 Hand Cart
32:50 Scale Barding Armor
33:21 Pikeman
34:09 Gillnets
35:56 Two-Handed Swordsman
Connection lost

Rejoining the realm…

Still unreachable

The connection could not be restored.

Session expired

The server has moved on; the page needs a fresh start.